 Dungeon Crawl Stone Soup version 0.24.0-35-gdb84b6a5db (webtiles) character file.

Game seed: 10475115903530615339, levelgen mode: deterministic

2368 Atelerd the Thaumaturge (level 9, 0/54 HPs)
             Began as an Octopode Conjurer on Nov 10, 2019.
             Killed by divine providence
             ... invoked by an orc priest
              (17 damage)
             ... on level 8 of the Dungeon on Nov 17, 2019.
             The game lasted 00:35:55 (6665 turns).

Atelerd the Thaumaturge (Octopode Conjurer)         Turns: 6665, Time: 00:35:56

Health: 0/54       AC:  1    Str: 10    XL:     9   Next: 44%
Magic:  15/30      EV: 16    Int: 20    God:
Gold:   79         SH:  0    Dex: 12    Spells: 15/24 levels left

rFire    . . .     SeeInvis .   y - +0 great sword (slice)
rCold    + . .     Gourm    .   (shield currently unavailable)
rNeg     . . .     Faith    +   (helmet restricted)
rPois    .         Spirit   .   s - amulet of faith
rElec    .         Reflect  .   c - ring of magical power
rCorr    .         Harm     .   d - +2 ring of evasion
MR       .....                  m - ring of attention (curse)
Stlth    +.........             o - +2 ring of strength
HPRegen  0.18/turn              z - ring of protection from cold
MPRegen  0.22/turn              (no ring)
                                (no ring)
                                (no ring)

@: very slightly contaminated, glowing
A: almost no armour, stealthy swim, amphibious, 8 rings, constrict 8, camouflage
1, gelatinous body 1
a: no special abilities


You were on level 8 of the Dungeon.
You were hungry.

You visited 1 branch of the dungeon, and saw 8 of its levels.

You collected 261 gold pieces.
You spent 182 gold pieces at shops.

Inventory:

Hand Weapons
 l - a +0 dagger
 y - a +0 great sword of slicing (weapon)
Jewellery
 c - a ring of magical power (left tentacle)
 d - a +2 ring of evasion (right tentacle)
 m - a cursed ring of attention (on tentacle)
 o - a +2 ring of strength (on tentacle)
 s - an amulet of faith (around mantle)
 z - a ring of protection from cold (on tentacle)
Wands
 a - a wand of digging (12)
 t - a wand of iceblast (10)
Scrolls
 e - 3 scrolls of enchant weapon {unknown}
 f - 2 scrolls of enchant armour {unknown}
 i - a scroll of random uselessness {unknown}
 j - a scroll of amnesia {unknown}
 k - 2 scrolls of fog {unknown}
 p - 2 scrolls of magic mapping
 q - a scroll of immolation {unknown}
 u - 2 scrolls of identify
 w - a scroll of teleportation
 x - a scroll of blinking
 A - a scroll of remove curse {unknown}
Potions
 g - a potion of heal wounds {unknown}
 h - 2 potions of curing
 n - 2 potions of invisibility {unknown}
 r - 3 potions of brilliance
 v - a potion of mutation
Comestibles
 b - 14 rations


   Skills:
 - Level 2.0 Fighting
 + Level 3.9 Dodging
 - Level 4.4 Stealth
 * Level 8.3 Spellcasting
 + Level 7.1 Conjurations
 - Level 4.0 Hexes


You had 15 spell levels left.
You knew the following spells:

 Your Spells              Type           Power        Failure   Level  Hunger
a - Magic Dart            Conj           ####         1%          1    None
b - Iskenderun's Mystic   Conj           #####...     4%          4    ###....
d - Fulminant Prism       Conj/Hex       ####......   9%          4    ###....

Your spell library contained the following spells:

 Spells                   Type           Power        Failure   Level  Hunger
 Searing Ray              Conj           #####.       1%          2    None
 Dazzling Spray           Conj/Hex       ####..       2%          3    None
 Infusion                 Chrm           #...         9%          1    None
 Spectral Weapon          Hex/Chrm       ###.....     11%         3    None
 Shroud of Golubria       Chrm/Tloc      #.....       13%         2    None
 Song of Slaying          Chrm           #.......     13%         2    None
 Force Lance              Conj/Tloc      ###.....     19%         4    ###....
 Regeneration             Chrm/Necr      #.........   26%         3    None


Dungeon Overview and Level Annotations

Branches:
Dungeon (8/15)
 Temple: D:4-7         Lair: D:8-11

Altars:
Gozag
Makhleb
Nemelex Xobeh
Trog
Uskayaw
Vehumet
Xom

Shops:
D:5 %[?:(

Annotations:
D:3 exclusion: downstairs
D:4 exclusion: downstairs
D:6 exclusion: downstairs


Innate Abilities, Weirdness & Mutations

You cannot wear most types of armour.
You are very stealthy in the water. (Stealth+)
You are amphibious.
You can wear up to eight rings at the same time.
You can use your tentacles to constrict eight enemies at once.
Your skin changes colour to match your surroundings (Stealth+).
Your rubbery body absorbs attacks. (AC +1, EV +1)


Message History

The wight hits you but does no damage.
Casting: Iskenderun's Mystic Blast (safe; 4% risk of failure)
Confirm with . or Enter, or press ? or * to list all spells.
Aiming: Iskenderun's Mystic Blast (safe; 4% risk of failure)
Press: ? - help, Shift-Dir - straight line, f - orc priest, p - wight
Aim: an orc priest, wielding a +0 dagger and wearing a cursed +0 leather armour The orb of energy hits the orc priest.
The orc priest is heavily wounded.
The orc priest misses you.
The wight hits you from afar with a cursed +0 halberd!
* * * LOW HITPOINT WARNING * * *
Okay, then.
Blink to where?
Press: ? - help, Dir - move target cursor, p - orc priest You are very lightly contaminated with residual magic.
As you read the scroll of blinking, it crumbles to dust.
You feel better.
The orc priest invokes the aid of Beogh against you.
Beogh smites you!
You die...

.......
+........
#........
#...... #.....
#..#
########..######
.......@..zz.o§#
...........z...#
###....#..#..###
############


You could see 3 wights and an orc priest.

Vanquished Creatures
  Grinder (D:6)
  Sigmund (D:6)
  Duvessa (D:5)
  3 phantoms
  3 centaurs (D:5)
  3 ogres
  3 scorpions
  Dowan (D:5)
  3 howler monkeys (D:7)
  4 wights (D:6)
  A crimson imp (D:7)
  A centaur zombie (D:5)
  A bullfrog zombie (D:7)
  A hound (D:5)
  An orc priest (D:7)
  2 orc wizards (D:5)
  2 iguanas
  7 worker ants
  A hound skeleton (D:5)
  8 adders
  9 gnolls
  A shadow imp (D:6)
  An adder zombie (D:6)
  3 worms
  2 dart slugs
  7 orcs
  6 bats
  4 giant cockroaches
  8 hobgoblins
  4 jackals (D:4)
  2 quokkas
  3 ball pythons
  5 frilled lizards
  3 goblins
  A jackal skeleton (D:6)
  6 kobolds
  2 leopard gecko skeletons
  A leopard gecko zombie (D:6)
  4 rats
120 creatures vanquished.

Vanquished Creatures (others)
  27 fulminant prisms
27 creatures vanquished.

Grand Total: 147 creatures vanquished

Notes
Turn   | Place    | Note
-------+----------+-------------------------------------------
     0 | D:1      | Atelerd the Octopode Conjurer began the quest for the Orb.
     0 | D:1      | Reached XP level 1. HP: 11/11 MP: 3/3
   150 | D:1      | Reached skill level 1 in Fighting
   150 | D:1      | Reached XP level 2. HP: 15/18 MP: 0/5
   768 | D:2      | Reached skill level 3 in Spellcasting
   768 | D:2      | Reached XP level 3. HP: 23/23 MP: 7/7
   981 | D:2      | Noticed a phantom
  1138 | D:2      | Killed a phantom
  1138 | D:2      | Reached skill level 4 in Spellcasting
  1138 | D:2      | Reached XP level 4. HP: 26/28 MP: 10/10
  1221 | D:2      | Reached XP level 5. HP: 33/33 MP: 11/11
  1268 | D:2      | Learned a level 4 spell: Iskenderun's Mystic Blast
  1273 | D:2      | Learned a level 4 spell: Fulminant Prism
  2146 | D:3      | Found a sparkling altar of Nemelex Xobeh.
  2442 | D:4      | Noticed a phantom
  2460 | D:4      | Killed a phantom
  2460 | D:4      | Reached skill level 1 in Hexes
  2460 | D:4      | Reached XP level 6. HP: 32/38 MP: 5/13
  3019 | D:4      | Reached skill level 5 in Conjurations
  3065 | D:4      | Reached skill level 5 in Spellcasting
  3142 | D:4      | Reached XP level 7. HP: 26/43 MP: 2/14
  3680 | D:5      | Entered Level 5 of the Dungeon
  3681 | D:5      | Found Mumeag's Weapon Shop.
  3685 | D:5      | Found Qiceym's Book Shop.
  3689 | D:5      | Noticed Duvessa
  3689 | D:5      | Noticed Dowan
  3750 | D:5      | Killed Dowan
  3894 | D:5      | Found a burning altar of Makhleb.
  3994 | D:5      | Killed Duvessa
  3994 | D:5      | Reached skill level 6 in Spellcasting
  4127 | D:5      | Reached XP level 8. HP: 25/48 MP: 0/17
  4160 | D:5      | Upgraded the game from 0.24.0-13-gcf9b3192b9 to
                  | 0.24.0-35-gdb84b6a5db
  4748 | D:5      | Reached skill level 7 in Spellcasting
  4906 | D:5      | Found Nitaw's Armour Shoppe.
  5053 | D:5      | Found Calu's Magic Scroll Boutique.
  5058 | D:5      | Bought a scroll of identify for 28 gold pieces
  5058 | D:5      | Bought a scroll of blinking for 105 gold pieces
  5058 | D:5      | Bought a scroll of magic mapping for 49 gold pieces
  5248 | D:5      | Found Eroisk's Food Emporium.
  5364 | D:6      | Found a bloodstained altar of Trog.
  5385 | D:6      | Found a radiant altar of Vehumet.
  5385 | D:6      | Found a shimmering altar of Xom.
  5590 | D:6      | Noticed Grinder
  5597 | D:6      | Found a bloodstained altar of Trog.
  5620 | D:6      | Killed Grinder
  5620 | D:6      | Reached XP level 9. HP: 48/54 MP: 8/20
  6162 | D:6      | Found an opulent altar of Gozag.
  6197 | D:6      | Noticed Sigmund
  6205 | D:6      | Killed Sigmund
  6358 | D:7      | Reached skill level 8 in Spellcasting
  6603 | D:7      | Found a hide-covered altar of Uskayaw.
  6665 | D:8      | Killed from afar by an orc priest

Levels and vault maps discovered:
D:1:      dpeg_arrival_refuge, layout_loops_ring, serial_park_tiny_2
D:2:      layout_loops_corners
D:3:      layout_loops_ring, nemelex_xobeh_ov_fountains_minmay, first_ration
D:4:      layout_loops_ring, minmay_misc_feat_hallway,
          corexii_item_surrounded_by_moat
D:5:      layout_basic, gup_sewer_entry_glass, serial_shops, shop,
          nicolae_shop_competitors_out_of_business, kennysheep_little_box,
          shop_fountains, nicolae_shop_stone, hangedman_abyss_or_decor_passed,
          bloody_makhleb, uniq_duvessa
D:6:      layout_basic, lemuel_coloured_pillars_altar,
          gammafunk_temple_overflow_statue, basic_altar, bloody_trog,
          uniq_sigmund, uniq_grinder
D:7:      layout_rooms, temple_doors_e, basic_altar, serial_shops,
          kennysheep_mini_moat
D:8:      layout_gridville, kennysheep_mini

Skill      XL: |  1  2  3  4  5  6  7  8  9 |
---------------+----------------------------+-----
Fighting       | 1 2 |  2.0
Spellcasting   | 3 4 5 6 7 8 |  8.3
Hexes          | 1 2 3 4 |  4.0
Conjurations   | 5 6 7 |  7.1
Stealth        | 4 |  4.4
Dodging        | 3 |  3.9

Action                   |  1- 3 |  4- 6 |  7- 9 || total
-------------------------+-------+-------+-------++-------
Melee: Unarmed           |     4 |       |       ||     4
       Constrict         |     1 |     4 |    14 ||    19
       Tentacles         |     1 |     2 |     6 ||     9
       Dagger            |       |    16 |    29 ||    45
       Great sword       |       |       |    14 ||    14
 Cast: Magic Dart        |    75 |   108 |    48 ||   231
       Iskenderun's Myst |       |     4 |    47 ||    51
       Fulminant Prism   |       |       |    27 ||    27
  Use: Scroll            |       |     1 |     5 ||     6
       Potion            |       |       |     5 ||     5
 Stab: Sleeping          |       |     1 |       ||     1
  Eat: Chunk             |       |     7 |    10 ||    17
       Ration            |       |       |     3 ||     3
Armor: Skin              |       |     2 |     2 ||     4
Dodge: Dodged            |    13 |    23 |    84 ||   120
       Rpst.: Great sword |       |       |     2 ||     2
